Map: Dusk Towers

Players

sexygay

  • Race: Terran Terran
  • League: Master

NapNap - Winner!

  • Race: Terran Terran
  • League: Master

VOD

Have the link to the VOD?

Description

Time

  • Played on: Jan. 16, 2016, 3:09 p.m.
  • Length: 12:10
Show
View Real Time Build Order
Export as new Build Order

sexygay Terran 

Build Orders: Liberator Opening, Reaper Expand, Mech 

Get SALT Encoding   

  12  0:01  SCV  
  13  0:13  SCV  
  14  0:18  Supply Depot  
  14  0:25  SCV  
  15  0:31  Refinery  
  15  0:39  SCV  
  16  0:46  Barracks  
  16  0:51  SCV  
  17  1:04  SCV  
  18  1:16  SCV  
  19  1:32  Orbital Command  
  19  1:33  Reaper  
  20  1:45  Command Center  
  20  1:55  Supply Depot  
  20  1:59  SCV  
  21  2:07  Factory  
  21  2:09  Barracks Reactor  
  21  2:12  SCV  
  22  2:19  Refinery  
  22  2:24  SCV  
  23  2:36  SCV  
  24  2:48  SCV  
  24  2:52  Starport  
  24  2:58  Orbital Command  
  24  3:00  Hellion x2  
  24  3:01  Barracks Tech Lab  
  24  3:04  SCV  
  29  3:16  SCV  
  30  3:21  Hellion x2  
  30  3:26  SCV  
  35  3:28  SCV, Liberator  
  35  3:34  Supply Depot  
  36  3:38  SCV  
  36  3:40  SCV  
  38  3:42  Hellion  
  38  3:43  Hellion  
  45  3:50  SCV  
  45  3:51  Supply Depot  
  45  3:55  SCV  
  47  4:02  SCV  
  48  4:05  Hellion x2  
  48  4:07  SCV  
  51  4:11  Marine  
  51  4:15  SCV  
  53  4:19  SCV  
  53  4:20  Supply Depot  
  54  4:33  Supply Depot  
  54  4:37  Supply Depot  
  54  4:41  SCV x2  
  54  4:44  Factory  
  56  4:48  Barracks Reactor  
  56  4:51  Hellion  
  56  4:52  Hellion  
  60  4:54  SCV x2  
  60  4:58  Viking  
  64  5:06  SCV x2  
  59  5:18  SCV x2  
  59  5:19  Command Center  
  62  5:21  Hellion  
  62  5:26  Supply Depot  
  62  5:30  Viking  
  63  5:43  Supply Depot  
  63  5:47  SCV x2  
  65  5:51  Supply Depot  
  65  5:59  SCV  
  65  6:00  Viking  
  68  6:05  SCV  
  68  6:08  Hellion x2, Siege Tank  
  76  6:12  SCV  
  76  6:17  SCV  
  78  6:24  SCV  
  77  6:29  SCV, Armory, Infernal Pre-Igniter  
  77  6:31  Factory  
  80  6:36  SCV  
  80  6:37  Orbital Command  
  80  6:39  Refinery  
  79  6:40  Refinery  
  79  6:41  SCV  
  79  6:43  Siege Tank  
  79  6:44  Hellion  
  85  6:48  SCV  
  85  6:53  SCV  
  87  7:00  Viking x2  
  91  7:02  SCV  
  92  7:13  Orbital Command  
  92  7:15  Factory Tech Lab, Hellion x2, Siege Tank  
  95  7:30  Medivac  
  95  7:32  Medivac  
  95  7:34  Hellion  
  101  7:40  Refinery  
  101  7:42  Refinery  
  101  7:44  Supply Depot x2  
  101  7:45  Engineering Bay  
  101  7:46  Supply Depot  
  101  7:58  Terran Vehicle Weapons Level 1  
  109  8:05  SCV x3, Siege Tank  
  109  8:06  Hellion  
  109  8:09  Medivac x2  
  109  8:12  Supply Depot x2  
  113  8:17  SCV x3  
  116  8:20  Siege Tank, Missile Turret x2  
  119  8:29  SCV x2, Hellion x2  
  119  8:33  SCV, Supply Depot  
  124  8:42  SCV x2  
  124  8:45  SCV  
  124  8:47  Supply Depot  
  127  8:48  Supply Depot  
  127  8:49  Siege Tank  
  127  8:51  Hellion x2  
  127  8:54  SCV x2  
  127  8:55  Factory  
  136  8:57  Factory  
  136  8:59  Medivac  
  136  9:00  Medivac  
  140  9:06  SCV x3  
  140  9:07  Missile Turret  
  143  9:10  Supply Depot  
  143  9:12  Siege Tank  
  144  9:30  Cyclone  
  143  9:35  Hellion x2  
  141  9:41  Factory Tech Lab, Factory Reactor  
  141  9:43  Missile Turret  
  141  9:44  Cyclone  
  144  9:50  Viking  
  144  9:51  Viking  
  148  9:58  Command Center  
  134  10:08  Siege Tank  
  134  10:09  Hellion x2  
  112  10:16  Siege Tank  
  89  10:31  Hellion x2  
  86  10:41  Hellion  
  85  10:48  Siege Tank  
  85  10:52  Hellion x2  
  89  10:57  Factory Tech Lab  
  89  11:02  Siege Tank  
  70  11:13  Hellion x2, Orbital Command  
  70  11:17  Siege Tank  
  59  11:20  Siege Tank  
  58  11:34  Siege Tank  
  58  11:35  Hellion x2  
  58  11:37  Orbital Command  
Show
View Real Time Build Order
Export as new Build Order

NapNap Terran - Winner!

Build Orders: 1/1/1 

Get SALT Encoding   

  12  0:03  SCV  
  13  0:15  SCV  
  13  0:20  Supply Depot  
  14  0:25  Refinery  
  14  0:28  SCV  
  15  0:41  SCV  
  16  0:45  Barracks  
  16  0:55  Refinery  
  16  0:57  SCV  
  17  1:09  SCV  
  18  1:21  SCV  
  19  1:33  Marine  
  19  1:35  Factory  
  19  1:39  Orbital Command  
  20  1:50  Supply Depot  
  20  1:53  Marine  
  21  2:05  SCV  
  22  2:20  Starport, Marine  
  22  2:24  Factory Tech Lab  
  22  2:25  SCV  
  23  2:37  SCV  
  23  2:41  Supply Depot, Marine  
  25  2:53  Siege Tank  
  28  3:00  Medivac  
  28  3:02  SCV  
  31  3:09  Barracks Reactor  
  31  3:22  SCV  
  32  3:31  Command Center  
  32  3:41  Supply Depot, SCV  
  33  3:44  Cyclone  
  36  3:54  Viking  
  38  3:57  SCV  
  38  4:11  SCV  
  38  4:14  Marine  
  38  4:15  Marine  
  38  4:17  Siege Tank  
  44  4:23  SCV  
  45  4:31  Viking  
  47  4:41  Supply Depot  
  47  4:43  SCV  
  47  4:44  Marine x2  
  50  4:58  Siege Tank  
  53  5:01  SCV, Orbital Command  
  54  5:13  SCV  
  55  5:17  Viking  
  57  5:25  SCV  
  57  5:26  Marine  
  57  5:27  Marine  
  60  5:29  SCV  
  60  5:30  Siege Tank  
  64  5:37  SCV  
  65  5:50  SCV  
  66  5:59  Barracks, Starport Reactor  
  66  6:00  Engineering Bay  
  66  6:01  SCV, Barracks  
  66  6:02  Siege Tank  
  70  6:09  SCV  
  71  6:15  SCV  
  72  6:20  Marine x2  
  72  6:21  SCV  
  67  6:27  SCV  
  67  6:28  Terran Infantry Weapons Level 1, Refinery  
  67  6:29  Refinery, Barracks  
  67  6:30  Barracks  
  68  6:33  SCV  
  70  6:40  SCV  
  70  6:44  Viking x2  
  70  6:45  Supply Depot  
  70  6:46  SCV  
  75  6:47  Barracks Tech Lab  
  75  6:49  Barracks Tech Lab  
  75  6:53  SCV  
  76  7:03  SCV  
  76  7:05  SCV  
  78  7:12  Combat Shields  
  78  7:13  Stimpack  
  78  7:14  Marine, Marauder x2  
  81  7:16  SCV  
  80  7:25  Barracks Reactor  
  80  7:26  Barracks Tech Lab  
  80  7:34  Supply Depot, Marine x2  
  80  7:35  Supply Depot  
  82  7:37  Viking  
  82  7:42  Viking  
  86  7:48  Marine x2  
  88  7:52  Marine, Marauder  
  88  7:55  Siege Tank  
  94  7:59  Concussive Shells  
  94  8:00  Marine  
  94  8:05  Marine x2  
  97  8:06  Marine  
  97  8:08  SCV  
  97  8:11  Medivac  
  70  8:12  Medivac  
  103  8:13  Marine, Marauder  
  106  8:20  Marine x2  
  106  8:21  SCV x2  
  110  8:36  Supply Depot x2  
  110  8:37  Supply Depot  
  110  8:38  Terran Infantry Armor Level 1  
  110  8:40  Marauder, Marine x4  
  116  8:46  Marauder  
  118  8:58  Medivac x2, Marine x4  
  118  9:02  Marauder  
  128  9:08  Marine  
  128  9:09  Marauder  
  131  9:16  Marine  
  132  9:20  Marine  
  132  9:21  Marauder  
  135  9:29  Marine  
  135  9:30  Marauder  
  138  9:34  Marine  
  138  9:35  Marauder  
  138  9:36  Marine  
  140  9:39  Marine  
  141  10:06  Marine, Marauder  
  138  10:07  Marauder  
  138  10:08  Marine  
  138  10:09  Marauder  
  138  10:12  Marine  
  97  10:25  Marine x2  
  97  10:26  Siege Tank, Medivac x2  
  97  10:27  Marauder  
  110  10:28  Marauder  
  110  10:34  Marauder, Marine x2  
  114  10:37  Starport  
  114  10:38  Starport  
  114  10:41  Command Center  
  114  10:49  Marauder  
  118  10:50  Marauder  
  118  10:53  Marine x2  
  118  10:54  Marine  
  118  10:56  Marauder  
  123  10:59  Marine  
  122  11:10  Marine, Marauder  
  122  11:11  Marine x2  
  119  11:13  Marine  
  119  11:17  Marauder  
  119  11:18  Marine  
  110  11:26  Siege Tank, Medivac  
  111  11:34  Starport Tech Lab  
  111  11:37  Starport Tech Lab  
Tags
 
Add a new tag
Caveats
  • Supply blocks, unpowered buildings, or Contaminate may cause inaccurate times.
  • Supply counts are checked every 10 seconds.